 Dungeon Crawl Stone Soup version 0.28.0 (webtiles) character file.

Game seed: 8157135724806599007

462 HallandMoats the Ruffian (level 7, -3/61 HPs)
             Began as a Ghoul Monk on Feb 8, 2022.
             Was a Believer of Makhleb.
             Slain by an iguana (9 damage)
             ... on level 5 of the Dungeon.
             The game lasted 00:03:33 (4141 turns).

HallandMoats the Ruffian (Ghoul Monk)               Turns: 4141, Time: 00:03:33

Health: -3/61      AC:  8    Str: 15    XL:     7   Next: 7%
Magic:  7/7        EV: 10    Int:  5    God:    Makhleb [**....]
Gold:   168        SH:  0    Dex: 13    Spells: 6/6 levels left

rFire   . . .      SeeInvis .     - Unarmed
rCold   + . .      Faith    +   (no shield)
rNeg    + + +      Spirit   .   b - +0 scale mail
rPois   ∞          Reflect  .   (no helmet)
rElec   .          Harm     .   (no cloak)
rCorr   .          Rampage  .   (no gloves)
Will    .....                   q - +1 pair of boots
Stlth   +.........              e - amulet of faith
HPRegen 0.00/turn               (no ring)
MPRegen 0.10/turn               (no ring)

@: inhibited regen
A: claws 1, cold resistance 1, negative energy resistance 3, inhibited
regeneration, torment resistance 2
a: Renounce Religion, Minor Destruction


You were on level 5 of the Dungeon.
You worshipped Makhleb.
Makhleb was pleased with you.
You visited 1 branch of the dungeon, and saw 6 of its levels.

You collected 168 gold pieces.

Inventory:

Armour
 b - a +0 scale mail (worn)
 q - a +1 pair of boots (worn)
Jewellery
 c - a ring of ice
 e - an amulet of faith (around neck)
 j - a ring of magical power
 n - a ring of magical power
Scrolls
 a - 2 scrolls of teleportation {unknown}
 d - a scroll of vulnerability {unknown}
 g - 2 scrolls of identify {unknown}
 h - a scroll of enchant weapon {unknown}
 m - a scroll of magic mapping {unknown}
 p - a scroll of fear {unknown}
 s - a scroll of torment {unknown}
Potions
 f - a potion of brilliance {unknown}
 i - 4 potions of heal wounds {unknown}
 k - a potion of haste {unknown}
 l - a potion of lignification {unknown}
 o - 2 potions of attraction {unknown}
 r - a potion of might {unknown}


   Skills:
 * Level 5.3 Fighting
 + Level 2.0 Armour
 + Level 3.6 Dodging
 - Level 2.1 Stealth
 * Level 5.3 Unarmed Combat
 + Level 2.6 Invocations


You had 6 spell levels left.
You didn't know any spells.
Your spell library contained the following spells:

 Spells                   Type           Power      Damage    Failure   Level
 Slow                     Hex            0%         N/A       91%         1
 Confusing Touch          Hex            0%         N/A       99%         3
 Vampiric Draining        Necr           0%         2d6       99%         3


Dungeon Overview and Level Annotations

Branches:
Dungeon (6/15)
 Temple: D:4-7

Altars:
Elyvilon
Makhleb
Uskayaw
Yredelemnul

Shops:
D:1 :   D:6 (

Annotations:
D:3 1 runed translucent door, crazypyro's ghost, amateur GrEE


Innate Abilities, Weirdness & Mutations

You thrive by killing the living.
You are immune to poison.
You have sharp fingernails.
Your flesh is cold resistant. (rC+)
You are immune to negative energy. (rN+++)
You do not regenerate when monsters are visible.
You are immune to unholy pain and torment.


Message History

You barely miss the iguana.
The iguana is heavily wounded.
The orc hits you with a +0 club. The iguana barely misses you.
You scratch the iguana but do no damage.
The iguana is heavily wounded.
The orc priest miscasts a cantrip.
The orc misses you. The iguana bites you!
You scratch the iguana but do no damage.
The iguana is heavily wounded.
The orc barely misses you. The orc closely misses you.
You barely miss the iguana.
The iguana is heavily wounded.
The iguana bites you. The orc hits you but does no damage.
The orc hits you with a +0 club. The orc barely misses you.
You scratch the iguana but do no damage.
The iguana is heavily wounded.
The iguana bites you. The orc priest closely misses you.
The orc hits you but does no damage. The orc barely misses you.
The orc closely misses you.
You are too injured to fight recklessly!
You are too injured to fight recklessly!
You are too injured to fight recklessly!
You are too injured to fight recklessly!
You are too injured to fight recklessly!
You are too injured to fight recklessly!
You are too injured to fight recklessly!
There are monsters nearby!
There are monsters nearby!
Unknown command.
Found 13 gold pieces.
The orc priest calls down the wrath of Beogh upon you.
Beogh smites you!
* * * LOW HITPOINT WARNING * * *
The orc closely misses you.
The orc throws a boomerang.
The boomerang hits you.
* * * LOW HITPOINT WARNING * * *
The iguana bites you!
* * * LOW HITPOINT WARNING * * *
There is a stone staircase leading down here.
The iguana bites you!
You die...

#. ......# ...
#.#...# ...
##.#...#
#.##......#
.##.........##
.....).......##
..(...o.......##
.......ol##....##
......oZo@.†....#
............#....#
.......#....# ...
....##.##...# .
..## ......!.. .
#..........
#........[.$
.........##.
.........# #.


You could see an iguana, an orc priest, 3 orcs and a howler monkey skeleton.

Vanquished Creatures
  A sky beast (D:6)
  A centaur (D:6)
  A wyvern zombie (D:6)
  2 hounds (D:6)
  A gnoll (D:1)
  7 adders
  2 dart slugs
  11 orcs (D:3)
  9 ball pythons
  4 bats
  An endoplasm (D:1)
  2 giant cockroaches (D:1)
  7 hobgoblins
  8 kobolds
  3 quokkas
  2 frilled lizards (D:2)
  8 goblins
  4 rats
74 creatures vanquished.

Notes
Turn   | Place    | Note
-------+----------+-------------------------------------------
     0 | D:1      | HallandMoats the Ghoul Monk began the quest for the Orb.
     0 | D:1      | Reached XP level 1. HP: 19/19 MP: 0/0
   164 | D:1      | Reached XP level 2. HP: 26/26 MP: 1/1
   618 | D:1      | Reached XP level 3. HP: 31/31 MP: 2/2
   787 | D:1      | Reached skill level 1 in Invocations
   798 | D:1      | Found Jeckes's Book Shoppe.
  1089 | D:2      | Reached XP level 4. HP: 37/40 MP: 3/3
  1725 | D:2      | Reached skill level 1 in Armour
  2440 | D:3      | Found a runed translucent door.
  2441 | D:3      | Noticed crazypyro's ghost (amateur GrEE)
  2527 | D:3      | Reached XP level 5. HP: 27/46 MP: 5/5
  3279 | D:4      | You fall into a shaft and drop 2 floors!
  3360 | D:6      | Found a burning altar of Makhleb.
  3376 | D:6      | Became a worshipper of Makhleb the Destroyer
  3376 | D:6      | Reached * piety under Makhleb
  3376 | D:6      | Reached ** piety under Makhleb
  3396 | D:6      | Found a basalt altar of Yredelemnul.
  3544 | D:6      | Found a hide-covered altar of Uskayaw.
  3569 | D:6      | Reached XP level 6. HP: 26/55 MP: 6/6
  3795 | D:6      | Reached skill level 5 in Fighting
  3795 | D:6      | Reached skill level 5 in Unarmed Combat
  3838 | D:6      | Found Acsum's Antique Weapon Emporium.
  3987 | D:6      | Noticed a sky beast
  4018 | D:6      | Killed a sky beast
  4019 | D:6      | Reached XP level 7. HP: 41/61 MP: 7/7
  4042 | D:5      | Entered Level 5 of the Dungeon
  4141 | D:5      | Slain by an iguana

Illustrated notes

Levels and vault maps discovered:
D:1:      psy_arrival_radial01, layout_basic, serial_shops, nicolae_square_shop,
          minmay_tetromino_s2
D:2:      minmay_wonky_spiral, layout_basic, item_on_display_a
D:3:      layout_loops_corners, ebering_ghost_inner_flame
D:4:      layout_basic, chequers_temple_overflow_minitemple,
          minmay_temple_entry_junction, serial_undead, serial_undead_c,
          serial_undead_b, serial_undead_e, serial_undead_b
D:5:      layout_cave_pools, grunt_ministairs_13, kennysheep_donut,
          chequers_serial_rivers_room_b, chequers_serial_rivers_small_3,
          minmay_misc_feat_rows
D:6:      layout_loops_corners, chequers_temple_overflow_statue_of_worship,
          overflow_temple_1_default, serial_shops,
          nicolae_shop_overgrown_old_shop, serial_glass, glass_columns_c,
          glass_columns_b, dk_rats_in_the_wall

Skill      XL: |  1  2  3  4  5  6 |
---------------+-------------------+-----
Invocations    | 1 2 |  2.6
Dodging        | 3 |  3.6
Fighting       | 4 5 |  5.3
Armour         | 1 2 |  2.0
Unarmed Combat | 4 5 |  5.3
Stealth        | |  2.1

Action                   |  1- 3 |  4- 6 |  7- 9 || total
-------------------------+-------+-------+-------++-------
Melee: Unarmed           |    84 |   195 |    22 ||   301
       Punch             |       |     5 |     1 ||     6
Armor: Scale mail        |    35 |    99 |     9 ||   143
Dodge: Dodged            |    43 |    84 |    20 ||   147
